 Dungeon Crawl Stone Soup version 0.28-a0-1395-g4f6bc678fa (webtiles) character file.

Game seed: 16682931901654380769

67 siradein the Cudgeller (level 4, -1/43 (45) HPs)
             Began as a Troll Berserker on Jan 5, 2022.
             Was a Follower of Trog.
             Slain by a goblin (4 damage)
             ... led by Robin
             ... on level 3 of the Dungeon.
             The game lasted 00:04:41 (1989 turns).

siradein the Cudgeller (Troll Berserker)            Turns: 1989, Time: 00:04:43

HP:   -1/43 (45)    AC:  4    Str: 27    XL:     4   Next: 0%
MP:   3/3           EV: 10    Int:  3    God:    Trog [*.....]
Gold: 124           SH:  0    Dex:  9    Spells: 3/3 levels left

rFire   + . .      SeeInvis .   o - +0 flail
rCold   . . .      Faith    .   (no shield)
rNeg    . . .      Spirit   .   b - +0 animal skin
rPois   .          Reflect  .   (helmet restricted)
rElec   .          Harm     .   m - scarf {repulsion}
rCorr   .          Rampage  .   (gloves unavailable)
Will    .....                   (boots unavailable)
Stlth   +.........              (no amulet)
HPRegen 0.94/turn               n - ring of protection from fire
MPRegen 0.08/turn               (no ring)

@: on berserk cooldown, slowed, lightly drained, repel missiles, very slow
A: large, unfitting armour, claws 3, regeneration 1, shaggy fur 1, tough skin 1
a: Renounce Religion, Berserk


You were on level 3 of the Dungeon.
You worshipped Trog.
Trog was aware of your devotion.
You visited 1 branch of the dungeon, and saw 3 of its levels.

You collected 124 gold pieces.

Inventory:

Hand Weapons
 o - a +0 flail (weapon)
Missiles
 a - a throwing net (quivered)
Armour
 b - a +0 animal skin (worn)
 m - a scarf of repulsion (worn)
Jewellery
 n - a ring of protection from fire (left claw)
Wands
 p - a wand of flame (24)
Scrolls
 c - a scroll of enchant weapon {unknown}
 d - a scroll of noise {unknown}
 e - 5 scrolls of identify {unknown}
 f - a scroll of magic mapping {unknown}
 g - 2 scrolls of fog {unknown}
 j - a scroll of vulnerability {unknown}
 k - a scroll of enchant armour {unknown}
 l - a scroll of fear {unknown}
Potions
 h - 2 potions of lignification {unknown}
 i - a potion of curing {unknown}


   Skills:
 + Level 3.0 Fighting
 + Level 3.3 Maces & Flails
 + Level 3.0 Dodging


You had 3 spell levels left.
You didn't know any spells.
Your spell library was empty.

Dungeon Overview and Level Annotations

Branches:
Dungeon (3/15)

Altars:


Innate Abilities, Weirdness & Mutations

You are too large for most types of armour.
You have claws for hands.
Your natural rate of healing is unusually fast.
You are covered in fur. (AC +1)
You have tough skin. (AC +1)


Message History

You kill the goblin!
Trog accepts your kill. The goblin barely misses you.
You closely miss the goblin. You sock the goblin!
You kill the goblin!
Trog accepts your kill.
The goblin hits you with a +2 dagger of draining.
* * * LOW HITPOINT WARNING * * *
You feel drained.
* * * LOW HITPOINT WARNING * * *
You have reached level 4!
Robin throws the goblin at you!
Items here: ))) ††.
You sock Robin!
Robin is heavily wounded.
The goblin barely misses you.
Robin hits you with a +6 dagger of protection.
* * * LOW HITPOINT WARNING * * *
You barely miss Robin.
Robin is heavily wounded.
The goblin no longer looks unusually strong.
The hobgoblin no longer looks unusually strong.
The goblin hits you but does no damage.
Robin roars a battlecry!
The goblins go into a battle-frenzy!
You closely miss Robin.
Robin is heavily wounded.
The goblin no longer looks unusually strong.
The goblin hits you with a +0 dagger.
* * * LOW HITPOINT WARNING * * *
Robin roars a battlecry!
The goblin goes into a battle-frenzy!
You thump Robin!
You kill Robin!
Trog accepts your kill.
You are no longer berserk.
You are exhausted.
You feel yourself slow down. The goblin hits you with a +0 dagger.
You die...

.......##............#÷#.....#.#.
.......##.############.#.###.#.#.
.......##.# ........#.#...[.#.#.
#########.# #####.#.#######.#.
#.# #...............#. #.#
#.#.###.........#† #.#
#g#.#..########.#) #########.#
#g#.#......<..#.#. ........#.#
#@#.##.######.#.#. #######.#.#
#)#....# #.#. ......#.#.#
#g###### #.#. .##.#.#.#.# #g#
#.#. .#....#.#.#


ggo #... .##...#.#.# ... #### .#....#.#.# ..# .#......#.# ##.# .#.######.# You
could see an orc, 3 hobgoblins and 3 goblins.

Vanquished Creatures
  Robin (D:3)
  3 gnolls (D:3)
  3 dart slugs
  An orc (D:3)
  A ball python (D:1)
  3 bats
  2 giant cockroaches
  6 goblins
  A hobgoblin (D:1)
  2 kobolds (D:1)
  3 quokkas
  A frilled lizard (D:1)
  4 rats
31 creatures vanquished.

Notes
Turn   | Place    | Note
-------+----------+-------------------------------------------
     0 | D:1      | siradein the Troll Berserker began the quest for the Orb.
     0 | D:1      | Reached XP level 1. HP: 22/22 MP: 0/0
   173 | D:1      | Reached XP level 2. HP: 29/29 MP: 1/1
   294 | D:1      | Found a faded altar of an unknown god.
  1494 | D:3      | Reached XP level 3. HP: 34/36 MP: 2/2
  1971 | D:3      | Noticed Robin
  1985 | D:3      | Reached XP level 4. HP: 11/43 MP: 3/3
  1989 | D:3      | Killed Robin
  1989 | D:3      | Slain by a goblin

Illustrated notes

Levels and vault maps discovered:
D:1:      scummos_arrival_hexagon, layout_loops_ring,
          shapermc_ecumenical_altar_totnotflames
D:2:      layout_loops_ring
D:3:      layout_basic, amcnicky_mini_corridor_feature, minivault_27, uniq_robin

Skill      XL: |  1  2  3 |
---------------+----------+-----
Maces & Flails | 3 |  3.3
Fighting       | 3 |  3.0
Dodging        | 3 |  3.0

Action                   |  1- 3 |  4- 6 || total
-------------------------+-------+-------++-------
Melee: Mace              |    81 |       ||    81
       Flail             |    16 |     4 ||    20
Invok: Berserk           |     1 |       ||     1
Armor: Animal skin       |    34 |     2 ||    36
Dodge: Dodged            |    54 |     1 ||    55

Table legend: (Time is in decaauts)
 A = Elapsed time spent in this place.
 B = Non-inter-level travel time spent in this place.
 C = Inter-level travel time spent in this place.
 D = Time resting spent in this place.
 E = Time spent auto-exploring this place.
 F = Levels seen in this place.
 G = Mean time per level.
                   A        B        C        D        E       F      G
               +--------+--------+--------+--------+--------+-----+--------+
         Total |   2008 |   1963 |     45 |      0 |   1668 |   3 |  669.3 |
       Dungeon |   2008 |   1963 |     45 |      0 |   1668 |   3 |  669.3 |
               +--------+--------+--------+--------+--------+-----+--------+

Top non-repeatable levels by time:
     D:3: 829 daAuts
     D:2: 633 daAuts
     D:1: 545 daAuts
